 Dungeon Crawl Stone Soup version 0.26-a0-84-g8c18429211 (webtiles) character file.

Game seed: 379201696197490589

338 bmfx the Magician (level 6, 0/28 HPs)
             Began as a Spriggan Conjurer on June 20, 2020.
             Shot with an arrow by a centaur (11 damage)
             ... on level 4 of the Dungeon.
             The game lasted 00:09:26 (4550 turns).

bmfx the Magician (Spriggan Conjurer)               Turns: 4550, Time: 00:09:27

Health: 0/28       AC:  2    Str:  4    XL:     6   Next: 29%
Magic:  10/16      EV: 19    Int: 19    God:
Gold:   182        SH:  0    Dex: 16    Spells: 14/17 levels left

rFire    . . .     SeeInvis +   f - +0 dagger (venom)
rCold    . . .     Gourm    .   (shield restricted)
rNeg     . . .     Faith    .   a - +0 robe
rPois    .         Spirit   .   (helmet restricted)
rElec    .         Reflect  .   (no cloak)
rCorr    .         Harm     .   (gloves unavailable)
MR       +....                  (boots unavailable)
Stlth    ++........             (no amulet)
HPRegen  0.09/turn              (no ring)
MPRegen  0.15/turn              (no ring)

@: very quick
A: very small, unfitting armour, see invisible, herbivore, speed 3, slow
metabolism 2
a: no special abilities


You were on level 4 of the Dungeon.
You were not hungry.

You visited 1 branch of the dungeon, and saw 4 of its levels.

You collected 182 gold pieces.


Innate Abilities, Weirdness & Mutations

You are very small and have problems with some larger weapons.
You are too small for most types of armour.
You have supernaturally acute eyesight. (SInv)
You are a herbivore.
You cover ground extremely quickly.
You need to consume almost no food.

Dungeon Overview and Level Annotations

Branches:
Dungeon (4/15)
 Temple: D:4-7

Altars:
Gozag
Hepliaklqana
Wu Jian
Xom
Zin

Annotations:
D:2 Terence
D:3 2 transporters
D:4 Blork the orc


   Skills:
 - Level 4.3 Dodging
 - Level 3.0 Stealth
 - Level 6.0 Spellcasting
 + Level 3.8 Conjurations
 + Level 2.9 Evocations


You had 14 spell levels left.
You knew the following spells:

 Your Spells              Type           Power        Failure   Level  Hunger
A - Magic Dart            Conj           ###.         2%          1    None
B - Searing Ray           Conj           ###...       3%          2    None

Your spell library contained the following spells:

 Spells                   Type           Power        Failure   Level  Hunger
 Dazzling Flash           Conj/Hex       ##....       16%         3    ##.....
 Fulminant Prism          Conj/Hex       ##........   45%         4    ####...
 Iskenderun's Mystic Bla  Conj/Tloc      ##......     45%         4    ####...

Action                   |  1- 3 |  4- 6 || total
-------------------------+-------+-------++-------
Melee: Dagger            |       |     1 ||     1
Throw: Boomerang         |     1 |       ||     1
 Cast: Magic Dart        |   103 |   101 ||   204
       Searing Ray       |     2 |     9 ||    11
  Use: Scroll            |       |     4 ||     4
  Eat: Ration            |       |     1 ||     1
Dodge: Dodged            |    12 |    15 ||    27

Skill      XL: |  1  2  3  4  5  6 |
---------------+-------------------+-----
Conjurations   | 3 |  3.8
Spellcasting   | 3 4 5 6 |  6.0
Dodging        | 4 |  4.3
Evocations     | 1 2 |  2.9
Stealth        | |  3.0

Inventory:

Hand Weapons
 f - a +0 dagger of venom (weapon)
Missiles
 b - 12 boomerangs (quivered)
Armour
 a - a +0 robe (worn)
Wands
 j - a wand of enslavement (7)
Scrolls
 e - a scroll of noise {unknown}
 l - a scroll of enchant armour {unknown}
 m - a scroll of remove curse {unknown}
 n - a scroll of random uselessness {unknown}
 p - 2 scrolls of teleportation {unknown}
 q - a scroll of immolation {unknown}
Potions
 g - 2 potions of berserk rage
 h - a potion of might
 i - 2 potions of ambrosia
 k - a potion of curing {@q2}
 o - a potion of flight {unknown}
Comestibles
 c - 4 rations

#.......... ........
#..c...o.... ........
#........... ........
........... ........
#...................
#...................
####(..................
#.................)....
####..@................
##..................
#..................
#..................
#...............##.
#...............###
#..............## #
#.............##
#...........###


You could see a centaur and an orc.

Vanquished Creatures
  A hound (D:4)
  2 orc wizards (D:4)
  Jessica (D:3)
  A hound skeleton (D:4)
  6 gnolls
  6 adders
  2 dart slugs
  5 leopard geckos
  10 orcs (D:4)
  4 bats
  3 giant cockroaches
  10 goblins
  6 hobgoblins
  12 jackals
  4 frilled lizards
  4 kobolds
  9 rats
86 creatures vanquished.

Levels and vault maps discovered:
D:1:      dpeg_arrival_erosion, layout_basic
D:2:      layout_rooms, lemuel_crystal_altar, zin_statuary, first_ration,
          uniq_terence
D:3:      layout_basic, regret_index_temple_of_mockery,
          gammafunk_temple_overflow_arena, uniq_jessica
D:4:      layout_layer_cave, lemuel_coloured_pillars_altar, serial_glass,
          glass_columns_a, glass_columns_a, uniq_blork_the_orc


Message History

Aiming: Magic Dart (safe; 2% risk of failure)
Press: ? - help, Shift-Dir - straight line, f - orc
Aim: an orc, wielding a +0 flail, wearing a +0 ring mail and quivering 2 boomerangs The magic dart hits the orc.
The orc is lightly wounded.
A centaur comes into view.
The orc throws a boomerang.
The boomerang hits you.
The weapon returns to the orc!
Casting: Magic Dart (safe; 2% risk of failure)
Confirm with . or Enter, or press ? or * to list all spells.
Aiming: Magic Dart (safe; 2% risk of failure)
Press: ? - help, Shift-Dir - straight line, f/p - orc
Aim: an orc, wielding a +0 flail, wearing a +0 ring mail and quivering 2 boomerangs (lightly wounded)
The magic dart hits the orc but does no damage.
The orc is lightly wounded.
The centaur wields a +0 shortbow.
The centaur shoots an arrow.
The arrow hits you.
There is a stone staircase leading up here.
The centaur shoots an arrow.
The arrow hits you!
You die...

Notes
Turn   | Place    | Note
-------+----------+-------------------------------------------
     0 | D:1      | bmfx the Spriggan Conjurer began the quest for the Orb.
     0 | D:1      | Reached XP level 1. HP: 9/9 MP: 5/5
   181 | D:1      | Reached skill level 3 in Spellcasting
   280 | D:1      | Reached XP level 2. HP: 13/13 MP: 2/7
   409 | D:1      | Learned a level 2 spell: Searing Ray
   954 | D:1      | Reached XP level 3. HP: 16/16 MP: 7/9
  1791 | D:2      | Reached skill level 4 in Spellcasting
  1891 | D:2      | Reached XP level 4. HP: 21/21 MP: 8/11
  2321 | D:2      | Found an opulent altar of Gozag.
  2321 | D:2      | Noticed Terence
  2384 | D:2      | Found a glowing silver altar of Zin.
  2658 | D:3      | Found a shimmering altar of Xom.
  2659 | D:3      | Found a hazy altar of Hepliaklqana.
  2660 | D:3      | Noticed a spectral ugly thing
  2740 | D:3      | Found an ornate altar of the Wu Jian Council.
  2770 | D:3      | Found a transporter.
  2782 | D:3      | Found a transporter.
  2789 | D:3      | Noticed a bullfrog
  2876 | D:3      | Noticed Jessica
  2880 | D:3      | Killed Jessica
  2880 | D:3      | Reached skill level 1 in Evocations
  2880 | D:3      | Reached XP level 5. HP: 24/24 MP: 10/13
  2991 | D:3      | Reached skill level 5 in Spellcasting
  3566 | D:4      | Noticed Blork the orc
  4253 | D:4      | Reached XP level 6. HP: 23/28 MP: 5/15
  4545 | D:4      | Reached skill level 6 in Spellcasting
  4550 | D:4      | Shot with an arrow by a centaur
